 Dungeon Crawl Stone Soup version 0.27-a0-1612-gde56a17b89 (webtiles) character file.

Game seed: 17411987360382624703

79 siradein the Grave Robber (level 4, 0/24 HPs)
             Began as a Gargoyle Necromancer on July 22, 2021.
             Slain by a kobold (2 damage)
             ... in a sewer.
             The game lasted 00:06:11 (3202 turns).

siradein the Grave Robber (Gargoyle Necromancer)    Turns: 3202, Time: 00:06:12

Health: 0/24       AC:  5    Str: 12    XL:     4   Next: 37%
Magic:  1/8        EV: 11    Int: 16    God:
Gold:   130        SH:  0    Dex: 10    Spells: 4/9 levels left

rFire    . . .     SeeInvis .   b - staff of cold
rCold    + . .     Faith    .   (no shield)
rNeg     + . .     Spirit   .   a - +0 robe
rPois    ∞         Reflect  .   (no helmet)
rElec    +         Harm     .   (no cloak)
rCorr    .         Rampage  .   (no gloves)
Will     .....                  (no boots)
Stlth    ++........             (no amulet)
HPRegen  0.08/turn              (no ring)
MPRegen  0.11/turn              (no ring)

@: no status effects
A: sickness immunity, AC +3, negative energy resistance 1, electricity
resistance, torment resistance 1, petrification resistance
a: no special abilities


You were in a sewer.
You visited 1 branch of the dungeon, and saw 3 of its levels.
You also visited: Sewer.

You collected 130 gold pieces.

Inventory:

Armour
 a - a +0 robe (worn)
Magical Staves
 b - a staff of cold (weapon)
Scrolls
 d - 2 scrolls of identify {unknown}
 e - a scroll of enchant weapon {unknown}
 f - a scroll of torment {unknown}
 g - a scroll of summoning {unknown}
 h - a scroll of amnesia {unknown}
Potions
 c - a potion of curing {unknown}
 i - a potion of invisibility {unknown}
 j - a potion of heal wounds {unknown}


   Skills:
 - Level 1.5 Dodging
 - Level 2.1 Stealth
 + Level 3.2 Spellcasting
 + Level 4.0 Necromancy


You had 4 spell levels left.
You knew the following spells:

 Your Spells              Type           Power      Damage    Failure   Level
a - Pain                  Necr           60%        1d7       3%          1
b - Animate Skeleton      Necr           30%        N/A       3%          1
c - Vampiric Draining     Necr           7%         2d7       11%         3

Your spell library contained the following spells:

 Spells                   Type           Power      Damage    Failure   Level
 Animate Dead             Necr           7%         N/A       34%         4
 Agony                    Necr           15%        N/A       67%         5


Dungeon Overview and Level Annotations

Branches:
Dungeon (3/15)              Sewer (1/1)

Altars:


Innate Abilities, Weirdness & Mutations

You are immune to sickness and miasma.
Your stone body is resilient. (AC +3)
You are immune to poison.
You resist negative energy. (rN+)
You are resistant to electric shocks. (rElec)
You are resistant to unholy torment.
You are immune to petrification.


Message History

The jackal closely misses you. The kobold brigand closely misses you.
The kobold hits you with a +0 short sword.
Aiming: Pain (safe; 3% risk of failure)
Press: ? - help, Q - select action, (/) - cycle Shift-Dir - straight line, f/p - kobold brigand
Aim: a kobold brigand, wielding a +0 short sword and quivering poisoned darts (moderately wounded, chance to affect: 73%)
The kobold brigand struggles to resist.
The jackal bites you but does no damage.
The kobold brigand splashes around in the water.
The kobold hits you but does no damage. The jackal barely misses you.
Aiming: Pain (safe; 3% risk of failure)
Press: ? - help, Q - select action, (/) - cycle Shift-Dir - straight line, f/p - kobold brigand
Aim: a kobold brigand, wielding a +0 short sword and quivering poisoned darts (moderately wounded, chance to affect: 73%)
The kobold brigand writhes in agony.
The jackal splashes around in the water.
The kobold brigand hits you but does no damage.
The kobold hits you with a +0 short sword.
Aiming: Pain (safe; 3% risk of failure)
Press: ? - help, Q - select action, (/) - cycle Shift-Dir - straight line, f/p - kobold brigand
Aim: a kobold brigand, wielding a +0 short sword and quivering poisoned darts (heavily wounded, chance to affect: 73%)
The kobold brigand struggles to resist.
The jackal splashes around in the water.
The kobold brigand splashes around in the water.
The kobold splashes around in the water.
The jackal bites you but does no damage.
Aiming: Pain (safe; 3% risk of failure)
Press: ? - help, Q - select action, (/) - cycle Shift-Dir - straight line, f/p - kobold brigand
Aim: a kobold brigand, wielding a +0 short sword and quivering poisoned darts (heavily wounded, chance to affect: 73%)
The kobold brigand writhes in agony.
The kobold brigand hits you with a +0 short sword.
The jackal bites you.
The kobold splashes around in the water.
Aiming: Pain (safe; 3% risk of failure)
Press: ? - help, Q - select action, (/) - cycle Shift-Dir - straight line, f/p - kobold brigand
Aim: a kobold brigand, wielding a +0 short sword and quivering poisoned darts (severely wounded, chance to affect: 73%)
The kobold brigand writhes in agony.
The jackal bites you but does no damage.
The kobold brigand hits you with a +0 short sword.
* * * LOW HITPOINT WARNING * * *
The kobold hits you with a +0 short sword.
You die...

#.≈≈≈..∩# #≈≈≈≈.###
#.≈≈≈.# ##≈≈≈≈≈##
################≈≈≈≈≈..#
≈≈≈≈≈≈≈≈≈≈≈≈≈≈≈≈≈≈≈≈≈.≈#
################≈≈≈≈≈≈≈#
#≈.≈≈≈≈.# #@K≈≈≈≈.#
#hK≈≈≈≈.# #.≈≈≈≈≈≈#
#≈≈≈≈≈≈≈# #≈.≈≈≈..#
#.≈.≈...# ####.#### ..
...


You could see a kobold brigand, a jackal and a kobold.

Vanquished Creatures
  A river rat (Sewer)
  An adder (D:2)
  A worm (D:2)
  A dart slug (D:2)
  5 bats (D:2)
  5 endoplasms
  8 giant cockroaches
  2 goblins
  7 hobgoblins
  4 quokkas
  2 ball pythons (D:1)
  3 frilled lizards
  3 kobolds
  6 rats
49 creatures vanquished.

Notes
Turn   | Place    | Note
-------+----------+-------------------------------------------
     0 | D:1      | siradein the Gargoyle Necromancer began the quest for the
                  | Orb.
     0 | D:1      | Reached XP level 1. HP: 10/10 MP: 3/3
   211 | D:1      | Reached XP level 2. HP: 12/15 MP: 1/5
  1263 | D:1      | Reached XP level 3. HP: 16/19 MP: 4/7
  2621 | D:2      | Reached XP level 4. HP: 22/24 MP: 5/8
  3046 | D:3      | Reached skill level 4 in Necromancy
  3049 | D:3      | Learned a level 1 spell: Animate Skeleton
  3053 | D:3      | Learned a level 3 spell: Vampiric Draining
  3055 | D:3      | Found a glowing drain.
  3067 | Sewer    | Entered a sewer
  3189 | Sewer    | Noticed a kobold brigand
  3202 | Sewer    | Slain by a kobold

Illustrated notes

Levels and vault maps discovered:
D:1:      minmay_arrival_jagged, layout_basic, minmay_worlds_worst_comb
D:2:      layout_basic
D:3:      layout_loops_corners, nicolae_overflow_hidden_temple,
          portal_sewer_entry_f, minmay_statues_item, minmay_distorted
Sewer:    sewer_kobolds

Skill      XL: |  1  2  3  4 |
---------------+-------------+-----
Spellcasting   | 3 |  3.2
Necromancy     | 4 |  4.0
Dodging        | |  1.5
Stealth        | |  2.1

Action                   |  1- 3 |  4- 6 || total
-------------------------+-------+-------++-------
Melee: Staff             |    36 |    17 ||    53
 Cast: Pain              |    75 |    22 ||    97
 Stab: Sleeping          |     1 |       ||     1
Armor: Robe              |    27 |    13 ||    40
Dodge: Dodged            |    41 |    21 ||    62

Table legend: (Time is in decaauts)
 A = Elapsed time spent in this place.
 B = Non-inter-level travel time spent in this place.
 C = Inter-level travel time spent in this place.
 D = Time resting spent in this place.
 E = Time spent auto-exploring this place.
 F = Levels seen in this place.
 G = Mean time per level.
                   A        B        C        D        E       F      G
               +--------+--------+--------+--------+--------+-----+--------+
         Total |   3234 |   3200 |     34 |      0 |   2767 |   4 |  808.5 |
       Dungeon |   3075 |   3041 |     34 |      0 |   2647 |   3 | 1025.0 |
         Sewer |    158 |    158 |      0 |      0 |    120 |   1 |  158.0 |
               +--------+--------+--------+--------+--------+-----+--------+

Top non-repeatable levels by time:
     D:1: 1652 daAuts
     D:2: 1269 daAuts
   Sewer: 158 daAuts
     D:3: 153 daAuts
